 Dungeon Crawl Stone Soup version 0.28.0-53-g5a82cb258f (webtiles) character file.

Game seed: 5293273706043703838

35 Zeld the Ruffian (level 3, -5/29 HPs)
             Began as a Draconian Transmuter on June 3, 2022.
             Slain by Terence
             ... wielding a +2 hand axe of distortion
              (17 damage)
             ... on level 3 of the Dungeon.
             The game lasted 00:01:40 (1816 turns).

Zeld the Ruffian (Draconian Transmuter)             Turns: 1816, Time: 00:01:43

Health: -5/29      AC:  2    Str: 14    XL:     3   Next: 16%
Magic:  3/6        EV: 19    Int: 13    God:
Gold:   47         SH:  0    Dex: 16    Spells: 2/6 levels left

rFire   . . .      SeeInvis .     - Unarmed
rCold   . . .      Faith    .   (shield currently unavailable)
rNeg    . . .      Spirit   .   (armour unavailable)
rPois   x          Reflect  .   (helmet currently unavailable)
rElec   .          Harm     .   (cloak currently unavailable)
rCorr   .          Rampage  .   (gloves currently unavailable)
Will    .....                   (boots currently unavailable)
Stlth   +.........              (no amulet)
HPRegen 0.09/turn               (no ring)
MPRegen 0.10/turn               (no ring)

@: spider-form (expiring)
A: venomous fangs, AC +5, tiny, unfitting armour, (cold-blooded)
a: End Transformation


You were on level 3 of the Dungeon.
You were a venomous arachnid creature.
You visited 1 branch of the dungeon, and saw 4 of its levels.

You collected 47 gold pieces.

Inventory:

Armour
 f - a +0 cloak (melded)
Scrolls
 a - 2 scrolls of teleportation {unknown}
 b - a scroll of holy word {unknown}
 d - a scroll of vulnerability {unknown}
Potions
 c - a potion of invisibility {unknown}
 e - a potion of might {unknown}


   Skills:
 * Level 2.0 Fighting
 - Level 1.7 Dodging
 - Level 3.0 Unarmed Combat
 + Level 2.1 Spellcasting
 + Level 2.2 Transmutations
 * Level 1.2 Ice Magic
 * Level 1.1 Poison Magic


You had 2 spell levels left.
You knew the following spells:

 Your Spells              Type           Power      Damage    Failure   Level
a - Beastly Appendage     Tmut           14%        N/A       24%         1
b - Spider Form           Tmut/Pois      5%         N/A       58%         3

Your spell library contained the following spells:

 Spells                   Type           Power      Damage    Failure   Level
 Wereblood                Tmut           7%         N/A       34%         2
 Ice Form                 Ice/Tmut       5%         N/A       90%         4


Dungeon Overview and Level Annotations

Branches:
Dungeon (4/15)
 Temple: D:4-7

Altars:
Ashenzari

Annotations:
D:3 Terence
D:4 Blork the orc


Innate Abilities, Weirdness & Mutations

You are a venomous arachnid creature.
You have poisonous fangs.
You are tiny and dextrous.
Your spellcasting is less reliable in this form.
Your armour is entirely melded.
You are incapable of wielding weapons or throwing items.
((Your plain brown scales are hard. (AC +5)))
You cannot fit into any form of body armour.
((You are cold-blooded and may be slowed by cold attacks.))


Message History

You open the door. The kobold hits you with a +0 whip.
There is an open door here.
Your transformation is almost over.
Terence says, "Time to say good-bye..."
Casting: Beastly Appendage (safe; 10% risk of failure)
Confirm with . or Enter, or press ? or * to list all spells.
You don't know that spell.
There are monsters nearby!
Casting: Beastly Appendage (safe; 10% risk of failure)
Confirm with . or Enter, or press ? or * to list all spells.
You don't know that spell.
Unknown command.
Casting: Beastly Appendage (safe; 10% risk of failure)
Confirm with . or Enter, or press ? or * to list all spells.
The spell is extremely dangerous to miscast (36% risk of failure)!
Continue anyway?
Your horns disappear.
Your talons disappear.
You turn into a venomous arachnid creature.
Your +0 cloak melds into your body.
Your transformation is almost over.
The kobold closely misses you.
You hit the kobold.
You kill the kobold!
You hit Terence but do no damage.
Terence is poisoned.
You hit Terence but do no damage.
Terence looks as sick as possible!
Terence is lightly wounded.
Terence hits you with a +2 hand axe of distortion!
Space warps horribly around you.
You hit Terence but do no damage.
Terence is moderately wounded.
Terence misses you.
You hit Terence but do no damage.
Terence looks as sick as possible!
Terence is heavily wounded.
Terence misses you.
You hit Terence but do no damage.
Terence looks as sick as possible!
Terence is heavily wounded.
Terence says, "Don't bother to defend, it's pointless."
Terence hits you with a +2 hand axe of distortion.
Space warps horribly around you!
Ouch! That really hurt!
You die...

♣≈≈≈P.###.###########
♣P♣≈♣≈.###...........#
≈≈PP≈≈≈P≈############.#
≈P.PP♣≈PP# #.#
≈#.P≈≈≈P.. #.#
#..PP♣≈P.# #.#
#...≈≈PP.###### #.#
#....≈♣..##...######.#
#<...≈≈≈.#....@s...#.#
#.....≈≈.#.#.#####.#.#
#.#.#...#...#
#...'.⌠.+...#
#.$.#...#.#.#
#.#.#####.#.# #....
..#.# #.##.# ####.# #.
.. #.#


You could see Terence (extremely poisoned).

Vanquished Creatures
  2 adders (D:2)
  2 ball pythons
  2 giant cockroaches (D:3)
  2 quokkas (D:2)
  3 bats
  A frilled lizard (D:2)
  2 goblins (D:3)
  2 kobolds (D:3)
  A rat (D:2)
17 creatures vanquished.

Vanquished Creatures (others)
  21 plants (D:3)
21 creatures vanquished.

Grand Total: 38 creatures vanquished

Notes
Turn   | Place    | Note
-------+----------+-------------------------------------------
     0 | D:1      | Zeld the Draconian Transmuter began the quest for the Orb.
     0 | D:1      | Reached XP level 1. HP: 16/16 MP: 3/3
   394 | D:2      | Reached XP level 2. HP: 12/23 MP: 5/5
   403 | D:2      | Reached skill level 1 in Ice Magic
   403 | D:2      | Reached skill level 1 in Poison Magic
   989 | D:3      | Reached XP level 3. HP: 27/29 MP: 4/6
   993 | D:3      | Learned a level 3 spell: Spider Form
  1068 | D:3      | Found a broken altar of Ashenzari.
  1515 | D:4      | Noticed Blork the orc
  1802 | D:3      | Noticed Terence
  1816 | D:3      | Slain by Terence

Illustrated notes

Levels and vault maps discovered:
D:1:      dpeg_arrival_circle_labyrinth_c, layout_basic, serial_shops, shop,
          shop, chequers_hall_statues_corner_a
D:2:      layout_loops_corners, serial_shops, nicolae_shop_hallway_plus,
          minivault_25, minmay_circle_x
D:3:      layout_basic, mainiacjoe_overflow_alcove_1, minmay_misc_feat_room,
          chequers_serial_rivers_small_3, chequers_jeans, serial_bayou_lagoon_a,
          minivault_25, uniq_terence
D:4:      layout_gridville, bloody_trog, serial_shops, nicolae_shop_trees, shop,
          uniq_blork_the_orc, uniq_edmund

Skill      XL: |  1  2  3 |
---------------+----------+-----
Ice Magic      | 1 |  1.2
Poison Magic   | 1 |  1.1
Fighting       | 2 |  2.0
Dodging        | |  1.7
Unarmed Combat | |  3.0
Spellcasting   | |  2.1
Transmutations | |  2.2

Action                   || total
-------------------------++-------
Melee: Unarmed           ||    68
       Kick              ||     8
       Tailslap          ||     5
       Headbutt          ||     6
 Cast: Beastly Appendage ||    15
       Spider Form       ||     1
Armor: Skin              ||    21
Dodge: Dodged            ||    50
